 Dungeon Crawl Stone Soup version 0.28.0-53-g5a82cb258f (webtiles) character file.

Game seed: 4946454536372724893

205 SanguineChosen the Skirmisher (level 5, -3/34 HPs)
             Began as a Gargoyle Fighter on July 20, 2022.
             Killed by divine providence
             ... invoked by an orc priest
              (11 damage)
             ... on level 3 of the Dungeon.
             The game lasted 00:07:20 (3238 turns).

SanguineChosen the Skirmisher (Gargoyle Fighter)    Turns: 3238, Time: 00:07:21

Health: -3/34      AC: 13    Str: 21    XL:     5   Next: 83%
Magic:  5/5        EV:  9    Int:  9    God:
Gold:   54         SH:  4    Dex:  9    Spells: 4/4 levels left

rFire   . . .      SeeInvis .   a - +0 flail
rCold   . . .      Faith    .   c - +0 buckler
rNeg    + . .      Spirit   .   b - +0 scale mail
rPois   ∞          Reflect  .   l - +0 helmet
rElec   +          Harm     .   (no cloak)
rCorr   .          Rampage  .   (no gloves)
Will    .....                   f - +0 pair of boots
Stlth   ..........              (no amulet)
HPRegen 0.11/turn               (no ring)
MPRegen 0.09/turn               (no ring)

@: no status effects
A: sickness immunity, AC +4, negative energy resistance 1, electricity
resistance, torment resistance 1, petrification resistance
a: no special abilities


You were on level 3 of the Dungeon.
You visited 1 branch of the dungeon, and saw 3 of its levels.

You collected 54 gold pieces.

Inventory:

Hand Weapons
 a - a +0 flail (weapon)
Armour
 b - a +0 scale mail (worn)
 c - a +0 buckler (worn)
 f - a +0 pair of boots (worn)
 l - a +0 helmet (worn)
Wands
 g - a wand of paralysis (6)
Scrolls
 k - 2 scrolls of holy word
Potions
 d - 2 potions of might
 e - a potion of curing {unknown}
 h - 2 potions of degeneration {unknown}
 j - 2 potions of mutation {unknown}


   Skills:
 + Level 4.3 Fighting
 + Level 3.4 Maces & Flails
 + Level 4.2 Armour
 + Level 0.9 Dodging
 + Level 1.2 Stealth
 + Level 4.1 Shields


You had 4 spell levels left.
You didn't know any spells.
Your spell library was empty.

Dungeon Overview and Level Annotations

Branches:
Dungeon (3/15)

Altars:


Innate Abilities, Weirdness & Mutations

You are immune to sickness and miasma.
Your stone body is resilient. (AC +4)
You are immune to poison.
You resist negative energy. (rN+)
You are resistant to electric shocks. (rElec)
You are resistant to unholy torment.
You are immune to petrification.


Message History

The orc is almost dead.
You block the orc's attack.
You hit the orc.
You kill the orc!
You hit the hobgoblin.
The hobgoblin is severely wounded.
The hobgoblin hits you but does no damage.
The hobgoblin misses you.
You hit the hobgoblin.
You kill the hobgoblin!
Things that are here:
a +0 club; a +0 chain mail; a hobgoblin corpse An orc comes into view.
It is wielding a +0 flail.
No target in view!
No target in view!
No target in view!
No target in view!
An orc is nearby!
An orc priest and 2 orc wizards come into view.
The orc priest shouts!
The orc wizard shouts! x2; You hear a shout!
An orc priest comes into view. It is wielding a +0 hand axe.
The orc wizard moves out of view.
The orc hits you with a +0 flail.
The orc priest mumbles some strange prayers to Beogh against you.
Beogh smites you!
The orc wizard mumbles some strange words.
The orc wizard flickers and vanishes!
Deactivating autopickup; reactivate with Ctrl-A.
The orc priest begins to cast a cantrip, but forgets the words!
The orc hits you but does no damage.
The orc priest invokes the aid of Beogh against you.
Beogh smites you!
* * * LOW HITPOINT WARNING * * *
Something hits you but does no damage.
Things that are here:
a +0 club; a +0 chain mail; a hobgoblin corpse You see here a +0 whip.
The orc priest calls down the wrath of Beogh upon you.
Beogh smites you!
You die...

###### # .. #....###### # ..
#..........# ## ... ##.......(..#
###8 ... #...........# #... ..o.
###...........# #.#8 #...#
#######o.o..........## #.##
#....##..).o..##@........... #.#.
#.......#.o#######........# #...
.......................####+####.
...................#...#.......#.
...>...................#.......#.
..........#.##..###....#..≈≈≈..#.
#.#.......#.........#..'..♣≈♣.†).
#...##....)...####.##.##..≈≈≈..##
#..# #..#.....####.#..##.......#


You could see an orc priest and an orc.

Vanquished Creatures
  2 howler monkeys (D:2)
  Ijyb (D:3)
  2 gnolls (D:3)
  An adder (D:2)
  2 dart slugs (D:1)
  4 orcs (D:3)
  5 ball pythons
  8 endoplasms
  A giant cockroach (D:1)
  8 hobgoblins
  9 jackals
  8 kobolds
  A quokka (D:1)
  5 bats
  3 frilled lizards
  2 rats
62 creatures vanquished.

Vanquished Creatures (others)
  9 plants
  5 toadstools (D:1)
14 creatures vanquished.

Grand Total: 76 creatures vanquished

Notes
Turn   | Place    | Note
-------+----------+-------------------------------------------
     0 | D:1      | SanguineChosen the Gargoyle Fighter began the quest for the
                  | Orb.
     0 | D:1      | Reached XP level 1. HP: 14/14 MP: 1/1
    61 | D:1      | Found a faded altar of an unknown god.
   119 | D:1      | Reached XP level 2. HP: 17/19 MP: 2/2
   721 | D:1      | Reached XP level 3. HP: 20/23 MP: 3/3
  2304 | D:3      | Reached XP level 4. HP: 29/29 MP: 4/4
  2453 | D:3      | Noticed a gnoll sergeant
  2868 | D:2      | Reached skill level 1 in Stealth
  2868 | D:2      | Reached XP level 5. HP: 31/33 MP: 5/5
  2883 | D:3      | Noticed Ijyb
  2887 | D:3      | Paralysed by Ijyb for 3 turns
  2893 | D:3      | Paralysed by Ijyb for 4 turns
  2899 | D:3      | Killed Ijyb
  3238 | D:3      | Killed from afar by an orc priest

Illustrated notes

Levels and vault maps discovered:
D:1:      ldierk_walled_garden, layout_basic,
          shapermc_ecumenical_altar_mp_urbaneastern
D:2:      layout_basic
D:3:      lemuel_castle_with_subvaults [lemuel_castle_interior_original],
          layout_rooms, grunt_temple_overflow_open, small_statue_intersection,
          kennysheep_generic_room_11, uniq_ijyb

Skill      XL: |  1  2  3  4  5 |
---------------+----------------+-----
Fighting       | 4 |  4.3
Maces & Flails | 3 |  3.4
Stealth        | 1 |  1.2
Shields        | 4 |  4.1
Armour         | 4 |  4.2
Dodging        | |  0.9

Action                   |  1- 3 |  4- 6 || total
-------------------------+-------+-------++-------
Melee: Flail             |   130 |    76 ||   206
  Use: Scroll            |     4 |       ||     4
Armor: Scale mail        |    83 |    99 ||   182
Dodge: Dodged            |    52 |    54 ||   106
Block: Buckler           |    30 |    34 ||    64
